 Dungeon Crawl Stone Soup version 0.21-a0-55-gb612c23 (webtiles) character file.

11043 grindst0ne the Unseen (level 11, -15/75 HPs)
             Began as a Vampire Enchanter on June 14, 2017.
             Was a Believer of Ru.
             Demolished by a minotaur (32 damage)
             ... in a labyrinth.
             The game lasted 00:42:19 (15657 turns).

grindst0ne the Unseen (Vampire Enchanter)          Turns: 15657, Time: 00:42:20

Health: -15/75     AC:  0    Str:  7    XL:     11   Next: 44%
Magic:  7/14       EV: 20    Int: 19    God:    Ru [**....]
Gold:   495        SH:  0    Dex: 22    Spells: 5/14 levels left

rFire    . . .     SeeInvis +   (weapon currently unavailable)
rCold    + + .     Gourm    .   (shield currently unavailable)
rNeg     + + +     Faith    .   (armour currently unavailable)
rPois    ∞         Spirit   .   (helmet currently unavailable)
rElec    .         Reflect  .   (cloak currently unavailable)
rCorr    .         Harm     .   (gloves currently unavailable)
MR       +....                  (boots currently unavailable)
Stlth    +++++++++.             (no amulet)
HPRegen  0.00/turn              (ring currently unavailable)
MPRegen  0.14/turn              (ring currently unavailable)

@: bat-form, flying, bloodless, non-regenerating, very quick
A: fangs 3, see invisible, hated by all, no conjurations magic, no fire magic,
no transmutations magic
a: End Transformation, Renounce Religion


You were in a labyrinth.
You worshipped Ru.
Ru was pleased with you.
You were bloodless.
You were in vampire-bat-form.
You visited 3 branches of the dungeon, and saw 13 of its levels.
You also visited: Labyrinth.

You collected 495 gold pieces.

Inventory:

Hand Weapons
 p - a +2 short sword of flaming (melded)
 E - a +0 rapier
 F - a +1 dagger of venom
Armour
 e - a +0 pair of boots (melded)
 l - a +1 cloak of invisibility (melded)
 s - a +0 helmet (melded)
 z - a +0 robe
 D - a +1 leather armour of cold resistance (melded)
 G - a scarf of spirit shield
 M - a +2 leather armour of positive energy
Jewellery
 X - a +4 ring of strength (melded)
Wands
 v - a wand of digging (14/24)
 W - a wand of lightning (4/15)
Scrolls
 g - a scroll of enchant weapon {unknown}
 i - a scroll of fog {unknown}
 k - 3 scrolls of blinking {unknown}
 n - a scroll of magic mapping
 o - 3 scrolls of remove curse
 r - a scroll of amnesia {unknown}
 w - 2 scrolls of immolation {unknown}
 y - 3 scrolls of enchant armour {unknown}
 C - a scroll of fear {unknown}
 I - a scroll of random uselessness {unknown}
 L - a scroll of vulnerability {unknown}
 O - a scroll of brand weapon {unknown}
 Q - a scroll of silence {unknown}
 R - 3 scrolls of recharging {unknown}
 U - a scroll of summoning {unknown}
 V - a scroll of noise {unknown}
Potions
 a - a potion of resistance {unknown}
 d - 3 potions of agility
 f - 5 potions of haste
 h - 3 potions of heal wounds
 j - 5 potions of might
 m - 3 potions of flight {unknown}
 q - 17 potions of blood
 t - a potion of cancellation {unknown}
 u - 4 potions of curing
 x - 2 potions of mutation {unknown}
 A - 2 potions of brilliance {unknown}
 H - a potion of degeneration {unknown}
 K - a potion of magic {unknown}
 T - a potion of lignification {unknown}
Books
 b - a book of Cantrips

   Spells                             Type                      Level
   a - Confusing Touch                Hexes                        1
   b - Animate Skeleton               Necromancy                   1
   c - Summon Small Mammal            Summoning                    1
   d - Apportation                    Translocation                1
 c - a book of Maledictions

   Spells                             Type                      Level
   a - Corona                         Hexes                        1
   b - Ensorcelled Hibernation        Hexes/Ice                    2
   c - Confuse                        Hexes                        3
   d - Tukima's Dance                 Hexes                        3
   e - Dazzling Spray                 Conjuration/Hexes            3
 B - a book of Misfortune

   Spells                             Type                      Level
   a - Confusing Touch                Hexes                        1
   b - Confuse                        Hexes                        3
   c - Gell's Gravitas                Translocation                3
   d - Petrify                        Transmutation/Earth          4
   e - Metabolic Englaciation         Hexes/Ice                    5
   f - Yara's Violent Unravelling     Hexes/Transmutation          5
 J - a Young Poisoner's Handbook

   Spells                             Type                      Level
   a - Sting                          Conjuration/Poison           1
   b - Poisonous Vapours              Poison/Air                   2
   c - Mephitic Cloud                 Conjuration/Poison/Air       3
   d - Olgreb's Toxic Radiance        Poison                       4
   e - Venom Bolt                     Conjuration/Poison           5
 N - a book of Minor Magic

   Spells                             Type                      Level
   a - Magic Dart                     Conjuration                  1
   b - Blink                          Translocation                2
   c - Call Imp                       Summoning                    2
   d - Slow                           Hexes                        2
   e - Conjure Flame                  Conjuration/Fire             3
   f - Mephitic Cloud                 Conjuration/Poison/Air       3


   Skills:
 - Level 3.0 Fighting
 + Level 6.7 Short Blades
 - Level 2.1 Dodging
 + Level 17.4 Stealth
 - Level 2.0 Spellcasting
 + Level 16.3 Hexes


You had 5 spell levels left.
You knew the following spells:

 Your Spells              Type           Power        Failure   Level  Hunger
a - Confuse               Hex            ######..     1%          3    ###....
b - Ensorcelled Hibernat  Hex/Ice        ####..       1%          2    ###....
c - Tukima's Dance        Hex            ######..     1%          3    ###....
d - Corona                Hex            ######.      1%          1    #......


Dungeon Overview and Level Annotations

Branches:
Dungeon (11/15)            Temple (1/1) D:6            Lair (1/6) D:9
    Orc (0/2) D:10

Altars:
Ashenzari
Cheibriados
Dithmenos
Elyvilon
Fedhas
Gozag
Hepliaklqana
Kikubaaqudgha
Makhleb
Nemelex Xobeh
Okawaru
Qazlal
Ru
Sif Muna
Trog
Uskayaw
Vehumet
Wu Jian
Xom
Yredelemnul
Zin
The Shining One

Shops:
D:5 }

Annotations:
Lair:1 exclusion: oklob plant


Innate Abilities, Weirdness & Mutations

You do not heal naturally.
You are immune to poison.
You have razor-sharp teeth.
You have supernaturally acute eyesight. (SInv)
((You can survive without breathing.))
You are hated by all.
You cannot study or cast Conjurations magic.
You cannot study or cast Fire magic.
You cannot study or cast Transmutations magic.


Message History

Press: ? - help, Shift-Dir - straight line, f/p - minotaur
Aim: a minotaur (chance to defeat MR: 26%)
The minotaur looks drowsy...
The minotaur hits you!
The minotaur gores you but does no damage.
Found a pair of boots.
Found an escape hatch in the ceiling.
You closely miss the minotaur. The minotaur hits you!! The minotaur gores you!
* * * LOW HITPOINT WARNING * * *
You turn into a vampire bat.
Your +2 short sword of flaming melds into your body.
Your +1 cloak of invisibility melds into your body.
Your +0 helmet melds into your body.
Your +0 pair of boots melds into your body.
Your +1 leather armour of cold resistance melds into your body.
Your +4 ring of strength melds into your body.
Your +2 short sword of flaming stops flaming.
You feel less resistant to cold.
You feel weaker. The minotaur hits you!!
You die...

. . # . # #.
. # # # # . .
#############
# #..........
#. # #
#H##########
.###
.#.b.......#
. #
#####.#.### .
# # #...#.#..
. #.#.#.#####
#...#. . #
.#...#. . # #
.#
#.#.#.#.#.#.
.### #.#. .#
# . ... # .


You could see a minotaur.

Vanquished Creatures
  A hydra (D:10)
  A two-headed ogre (D:9)
  Pikel (D:9)
  Joseph (D:7)
  2 komodo dragons
  3 polar bears (D:10)
  2 trolls
  2 hippogriffs
  A redback (Lab)
  A centaur simulacrum (D:10)
  A wyvern (D:9)
  3 hogs (D:7)
  A human (D:7)
  9 yaks
  3 hungry ghosts (Lab)
  A water moccasin (D:8)
  Duvessa (D:7)
  4 orc warriors
  5 ice beasts
  An eye of draining (D:10)
  3 phantoms
  5 ogres
  2 slaves (D:9)
  4 centaurs
  4 crocodiles
  A big kobold (D:10)
  5 bullfrogs
  Dowan (D:7)
  2 scorpions
  A hornet simulacrum (D:10)
  3 killer bees (D:7)
  4 lava snakes (Lab)
  2 howler monkeys
  6 crimson imps
  A quasit (D:7)
  10 orc wizards
  Crazy Yiuf (D:3)
  3 orc priests
  A hound (D:7)
  A bullfrog skeleton (D:7)
  Terence (D:3)
  2 iguanas
  3 worker ants
  A howler monkey zombie (D:7)
  3 worker ant zombies
  3 gnolls (D:5)
  11 adders
  A hound simulacrum (D:10)
  A shadow imp (D:9)
  2 white imps (D:10)
  An ufetubus (D:10)
  A worm (D:4)
  4 dart slugs
  4 leopard geckos
  27 orcs
  3 ball pythons
  4 giant cockroaches
  8 goblins
  6 hobgoblins
  10 jackals
  5 quokkas
  7 bats
  2 frilled lizards
  8 kobolds
  A leopard gecko skeleton (D:4)
  A quokka zombie (D:8)
  8 rats
232 creatures vanquished.

Vanquished Creatures (others)
  A slave (D:9)
  A shadow imp (D:9)
  An orc (D:9)
  2 plants (D:9)
5 creatures vanquished.

Grand Total: 237 creatures vanquished

Notes
Turn   | Place    | Note
-------+----------+-------------------------------------------
     0 | D:1      | grindst0ne the Vampire Enchanter began the quest for the Orb.
     0 | D:1      | Reached XP level 1. HP: 13/13 MP: 3/3
   151 | D:1      | Reached skill level 1 in Fighting
   230 | D:1      | Reached XP level 2. HP: 16/21 MP: 5/5
   297 | D:1      | Learned a level 2 spell: Ensorcelled Hibernation
  1015 | D:1      | Reached XP level 3. HP: 28/28 MP: 3/6
  2126 | D:2      | Reached XP level 4. HP: 32/35 MP: 7/7
  2288 | D:3      | Noticed Terence
  2334 | D:3      | Killed Terence
  2334 | D:3      | Reached skill level 5 in Stealth
  3081 | D:3      | Reached skill level 5 in Hexes
  3104 | D:3      | Learned a level 3 spell: Confuse
  3744 | D:3      | Found a runed door.
  3748 | D:3      | Noticed Crazy Yiuf
  3752 | D:3      | Killed Crazy Yiuf
  3752 | D:3      | Reached XP level 5. HP: 41/41 MP: 5/8
  3790 | D:4      | Found a shimmering altar of Xom.
  3790 | D:4      | Found a shimmering altar of Xom.
  3790 | D:4      | Found a shimmering altar of Xom.
  3790 | D:4      | Found a shimmering altar of Xom.
  3791 | D:4      | Found a shimmering altar of Xom.
  3791 | D:4      | Found a shimmering altar of Xom.
  3793 | D:4      | Found a shimmering altar of Xom.
  3812 | D:4      | Reached skill level 6 in Stealth
  4753 | D:5      | Entered Level 5 of the Dungeon
  4756 | D:5      | Reached skill level 7 in Stealth
  4756 | D:5      | Reached XP level 6. HP: 47/47 MP: 9/9
  5182 | D:5      | Found Azoor's Quality Used Wands.
  5343 | D:5      | Reached skill level 8 in Stealth
  5385 | D:5      | Reached XP level 7. HP: 52/52 MP: 10/10
  6113 | D:6      | Found a shattered altar of Ashenzari.
  6258 | D:6      | Found a staircase to the Ecumenical Temple.
  6411 | D:6      | Reached skill level 9 in Stealth
  6554 | D:7      | Found an iron altar of Okawaru.
  6687 | D:7      | Noticed Joseph
  6702 | D:7      | Killed Joseph
  6702 | D:7      | Reached skill level 10 in Stealth
  6702 | D:7      | Reached skill level 10 in Hexes
  6702 | D:7      | Reached XP level 8. HP: 58/58 MP: 8/11
  6887 | D:7      | Reached skill level 11 in Stealth
  6888 | D:7      | Noticed Duvessa
  6889 | D:7      | Noticed Dowan
  7420 | D:7      | Killed Duvessa
  7449 | D:7      | Killed Dowan
  8078 | D:7      | Reached skill level 12 in Stealth
  8893 | D:7      | Noticed a hippogriff
  8904 | D:7      | Killed a hippogriff
  8904 | D:7      | Reached XP level 9. HP: 63/63 MP: 9/12
  8955 | D:7      | Reached skill level 13 in Stealth
  9045 | Temple   | Entered the Ecumenical Temple
  9230 | Temple   | Became a worshipper of Ru the Awakened
  9347 | D:8      | Noticed a troll
  9360 | D:8      | Killed a troll
  9505 | D:8      | Learned a level 3 spell: Tukima's Dance
  9557 | D:8      | Reached skill level 14 in Stealth
 10182 | D:8      | Reached skill level 15 in Stealth
 10278 | D:9      | Reached XP level 10. HP: 70/70 MP: 13/13
 10410 | D:9      | Found a staircase to the Lair.
 10429 | D:9      | Gained mutation: You cannot study or cast Fire magic. [Ru sacrifice]
 10429 | D:9      | Gained mutation: You cannot study or cast Transmutations magic. [Ru sacrifice]
 10429 | D:9      | Gained mutation: You cannot study or cast Conjurations magic. [Ru sacrifice]
 10429 | D:9      | Reached * piety under Ru
 10647 | D:9      | Noticed Pikel
 10670 | D:9      | Killed Pikel
 10955 | D:9      | Noticed a two-headed ogre
 10962 | D:9      | Killed a two-headed ogre
 10962 | D:9      | Reached skill level 16 in Stealth
 11480 | D:9      | Reached skill level 15 in Hexes
 12036 | D:10     | Entered Level 10 of the Dungeon
 12107 | D:10     | Noticed a five-headed hydra
 12113 | D:10     | Killed a five-headed hydra
 12927 | D:10     | Reached skill level 5 in Short Blades
 12927 | D:10     | Reached XP level 11. HP: 75/75 MP: 9/14
 13384 | D:10     | Gained mutation: You are hated by all. [Ru sacrifice]
 13384 | D:10     | Reached ** piety under Ru
 13414 | D:10     | Found a staircase to the Orcish Mines.
 13461 | D:10     | Reached skill level 17 in Stealth
 13830 | D:10     | Noticed a two-headed ogre
 14706 | Lair:1   | Entered Level 1 of the Lair of Beasts
 14706 | Lair:1   | Found a labyrinth entrance.
 14715 | Lair:1   | Found a stormy altar of Qazlal.
 14716 | Lair:1   | Noticed an oklob plant
 14750 | Lab      | Entered a labyrinth
 15645 | Lab      | Noticed a minotaur
 15657 | Lab      | Demolished by a minotaur

Vault maps used:
D:1:      dpeg_arrival_rhombus, serial_curves, eino_curves_03, eino_curves_02,
          eino_curves_02, eino_curves_03
D:2:      kennysheep_boxes
D:3:      eino_tiny_chamber, uniq_terence, uniq_crazy_yiuf_cottage
D:4:      nicolae_xom_altar_mimics
D:5:      first_bread, nicolae_for_you_no_charge
D:6:      minmay_temple_entry_from_below_a, ashenzari_altar_1
D:7:      mrwooster_statue_mirror, grunt_livestock, okawaru_metal_pillars_1_2,
          uniq_duvessa, uniq_joseph
D:9:      david_lair_shrubbed, lemuel_flamethrower_1, uniq_pikel
D:10:     orc_0_dummy, serial_ice, serial_ice_l, serial_ice_g, serial_ice_c,
          serial_ice_o
Temple:   minmay_crystal_snake_temple
Lair:1:   minmay_guarded_unrand_snakebite, lab_entry_generic,
          grunt_forest_stairs_basic, lemuel_oklob_altar
Lab:      labyrinth_mini_lab, nicolae_lab_starburst, nicolae_lab_very_dead_end,
          nicolae_lab_stuck, lab_statue, labyrinth_fake_exit,
          labyrinth_lava_lair, nicolae_lab_flowing_pool, lab_hedge

Skill      XL: |  1  2  3  4  5  6  7  8  9 10 11 |
---------------+----------------------------------+-----
Fighting       | 1 2 3 |  3.0
Stealth        | 5 7 8 10 12 15 16 17 | 17.4
Hexes          | 5 6 8 10 11 14 15 16 | 16.3
Short Blades   | 5 6 |  6.7
Dodging        | |  2.1
Spellcasting   | |  2.0

Action                   |  1- 3 |  4- 6 |  7- 9 | 10-12 || total
-------------------------+-------+-------+-------+-------++-------
Melee: Dagger            |    67 |       |       |       ||    67
       Bite              |     5 |     4 |     8 |    15 ||    32
       Short sword       |    28 |    88 |   114 |   213 ||   443
 Cast: Ensorcelled Hiber |    24 |    37 |    66 |    97 ||   224
       Confuse           |       |     1 |    10 |    23 ||    34
Invok: Sacrifice Arcana  |       |       |       |     1 ||     1
       Sacrifice Love    |       |       |       |     1 ||     1
 Abil: Bat Form          |       |     2 |     3 |     8 ||    13
       End Transformatio |       |     2 |     3 |     7 ||    12
  Use: Scroll            |     4 |       |     3 |     2 ||     9
       Potion            |       |     4 |     4 |     5 ||    13
 Stab: Sleeping          |    23 |    30 |    48 |    68 ||   169
       Confused          |       |       |     6 |    19 ||    25
Armor: Robe              |    25 |    31 |    16 |    11 ||    83
       Leather armour    |       |       |       |    29 ||    29
Dodge: Dodged            |    68 |   100 |    45 |    76 ||   289
